 Dungeon Crawl Stone Soup version 0.26-a0-27-g1f0226971c (webtiles) character file.

Game seed: 12608826721927808034, levelgen mode: deterministic

816 vurker the Digger (level 7, -3/46 HPs)
             Began as an Octopode Earth Elementalist on May 27, 2020.
             Slain by a hippogriff (7 damage)
             ... on level 6 of the Dungeon.
             The game lasted 00:08:39 (6394 turns).

vurker the Digger (Octopode Earth Elementalist)     Turns: 6394, Time: 00:08:40

Health: -3/46      AC:  1    Str:  7    XL:     7   Next: 94%
Magic:  1/14       EV: 13    Int: 19    God:
Gold:   269        SH:  0    Dex: 13    Spells: 4/15 levels left

rFire    . . .     SeeInvis .   j - +1 short sword (drain)
rCold    . . .     Gourm    .   (no shield)
rNeg     . . .     Faith    .   (helmet restricted)
rPois    .         Spirit   .   (no amulet)
rElec    .         Reflect  .   (no ring)
rCorr    .         Harm     .   (no ring)
MR       .....                  (no ring)
Stlth    +++.......             (no ring)
HPRegen  0.15/turn              (no ring)
MPRegen  0.14/turn              (no ring)
                                (no ring)
                                (no ring)

@: no status effects
A: almost no armour, stealthy swim, amphibious, 8 rings, constrict 8, camouflage
1, gelatinous body 1
a: no special abilities


You were on level 6 of the Dungeon.
You were not hungry.

You visited 1 branch of the dungeon, and saw 6 of its levels.

You collected 269 gold pieces.

Inventory:

Hand Weapons
 j - a +1 short sword of draining (weapon)
   (You took it off a kobold on level 2 of the Dungeon)
Missiles
 b - 155 stones (quivered)
Armour
 d - a +0 kite shield
   (You found it on level 1 of the Dungeon)
Jewellery
 r - the ring "Kyin" {Ice *Slow Int+5}
   (You found it on level 5 of the Dungeon)

   [ring of ice]

   It enhances your ice magic.
   It affects your intelligence (+5).
   It makes you vulnerable to fire.
   It protects you from cold.
   It may slow you when you take damage.
Scrolls
 a - 3 scrolls of teleportation
 c - 2 scrolls of identify
 g - 4 scrolls of magic mapping
 o - 2 scrolls of remove curse
Potions
 l - a potion of invisibility
 m - a potion of resistance
 n - a potion of curing
Comestibles
 e - 13 rations
 f - 2 chunks of flesh


   Skills:
 + Level 3.0 Fighting
 - Level 2.0 Dodging
 - Level 2.6 Stealth
 * Level 4.8 Spellcasting
 * Level 2.7 Conjurations
 + Level 2.2 Transmutations
 * Level 5.7 Earth Magic


You had 4 spell levels left.
You knew the following spells:

 Your Spells              Type           Power        Failure   Level  Hunger
a - Sandblast             Erth           ####..       1%          1    None
b - Stone Arrow           Conj/Erth      ###...       7%          3    ##.....
q - Passwall              Tmut/Erth      ###.....     3%          2    #......
z - Lee's Rapid Deconstr  Erth           ####......   32%         5    ######.

Your spell library contained the following spells:

 Spells                   Type           Power        Failure   Level  Hunger
 Beastly Appendage        Tmut           ##....       4%          1    None
 Sticks to Snakes         Tmut           ##......     8%          2    #......
 Spider Form              Tmut/Pois      #.........   24%         3    ##.....
 Petrify                  Tmut/Erth      ###.....     24%         4    ####...
 Ice Form                 Ice/Tmut       #.......     63%         4    ####...
 Blade Hands              Tmut           ##........   80%         5    ######.


Dungeon Overview and Level Annotations

Branches:
Dungeon (6/15)
 Temple: D:4-7

Altars:
Ashenzari
Gozag
Ru
Sif Muna
Trog
Xom
The Shining One


Innate Abilities, Weirdness & Mutations

You cannot wear most types of armour.
You are very stealthy in the water. (Stealth+)
You are amphibious.
You can wear up to eight rings at the same time.
You can use your tentacles to constrict eight enemies at once.
Your skin changes colour to match your surroundings (Stealth+).
Your rubbery body absorbs attacks. (AC +1, EV +1)


Message History

A quokka comes into view.
A quokka is nearby!
You feel sick.
Found 10 gold pieces.
A centaur skeleton comes into view.
Aim: a quokka (wandering, hasn't noticed you)
The stone arrow hits the quokka!
You kill the quokka!
You feel sick.
You are no longer poisoned.
A leopard gecko comes into view.
Found a short sword and a ration.
A hippogriff comes into view.
A jelly comes into view.
Found a ration.
You see here a short sword.
A crimson imp comes into view.
The crimson imp shouts!
The jelly is too close now for your liking.
Aim: a crimson imp The stone arrow hits the crimson imp!
You kill the crimson imp!
Your Fighting skill increases to level 3!
There are monsters nearby!
Aim: a jelly The stone arrow hits the jelly!
Aim: a jelly (heavily wounded)
The stone arrow hits the jelly!
You kill the jelly!
Aim: a hippogriff The stone arrow hits the hippogriff!
Aim: a hippogriff (lightly wounded)
The blast of sand hits the hippogriff!
b - 156 stones The hippogriff bites you!
The hippogriff pecks you!
* * * LOW HITPOINT WARNING * * *
The hippogriff misses you.
Unknown command.
Aim: a hippogriff (heavily wounded)
The blast of sand hits the hippogriff!
b - 155 stones The hippogriff bites you!
* * * LOW HITPOINT WARNING * * *
The hippogriff closely misses you. The hippogriff claws you.
* * * LOW HITPOINT WARNING * * *
You barely miss the hippogriff.
You squeeze the hippogriff, but do no damage.
The hippogriff bites you!
* * * LOW HITPOINT WARNING * * *
The hippogriff pecks you!
You die...

#.##.# ........#
#..#.####.......#
#.......###....#
####.........######
#...##............
##.#######......... #..#
##...........
##.#####..#).$....%. #
###......@H........... #
#####....##.#####%........
####........## #
#.........
#.)..####......#
#......... ..#### #...####
#H........ ### #...#
########## # ##### # #


You could see a hippogriff.

Vanquished Creatures
  An ice beast (D:5)
  An ogre (D:4)
  A crimson imp (D:6)
  2 hounds (D:5)
  4 orc priests
  3 jellies
  2 orc wizards
  2 iguanas
  A worker ant (D:6)
  A bullfrog skeleton (D:4)
  A hound skeleton (D:4)
  3 adders
  2 oozes
  An adder skeleton (D:4)
  3 worms
  3 dart slugs
  5 leopard geckos
  19 orcs
  3 ball pythons
  3 giant cockroaches
  6 goblins
  7 hobgoblins
  3 jackals (D:5)
  9 kobolds
  2 quokkas
  8 bats
  2 frilled lizards
  A jackal zombie (D:5)
  12 rats
  A plant (D:1)
112 creatures vanquished.

Notes
Turn   | Place    | Note
-------+----------+-------------------------------------------
     0 | D:1      | vurker the Octopode Earth Elementalist began the quest for
                  | the Orb.
     0 | D:1      | Reached XP level 1. HP: 11/11 MP: 3/3
   271 | D:1      | Reached XP level 2. HP: 14/18 MP: 3/5
  1103 | D:1      | Reached XP level 3. HP: 18/22 MP: 6/6
  1383 | D:1      | Reached skill level 1 in Fighting
  1734 | D:2      | Found a bloodstained altar of Trog.
  1820 | D:2      | Learned a level 3 spell: Stone Arrow
  1823 | D:2      | Learned a level 2 spell: Passwall
  1998 | D:2      | Reached XP level 4. HP: 18/28 MP: 2/8
  2274 | D:2      | Found a shimmering altar of Xom.
  2688 | D:3      | Reached skill level 4 in Earth Magic
  3272 | D:3      | Reached XP level 5. HP: 30/33 MP: 9/9
  3546 | D:3      | Found a glowing golden altar of the Shining One.
  3863 | D:4      | Noticed an ogre
  3869 | D:4      | Killed an ogre
  3869 | D:4      | Reached XP level 6. HP: 39/39 MP: 7/11
  4082 | D:4      | Found an opulent altar of Gozag.
  4084 | D:4      | Found a shattered altar of Ashenzari.
  4148 | D:4      | Found a shimmering blue altar of Sif Muna.
  4247 | D:4      | Reached skill level 5 in Earth Magic
  4421 | D:5      | Entered Level 5 of the Dungeon
  4552 | D:5      | Reached skill level 1 in Conjurations
  4616 | D:5      | Noticed an ice beast
  4622 | D:5      | Reached XP level 7. HP: 34/45 MP: 8/13
  4695 | D:5      | Got a steaming tin ring
  4696 | D:5      | Identified the ring "Kyin" {Ice *Slow Int+5} (You found it
                  | on level 5 of the Dungeon)
  5329 | D:5      | Learned a level 5 spell: Lee's Rapid Deconstruction
  6278 | D:5      | Found a sacrificial altar of Ru.
  6370 | D:6      | Noticed a hippogriff
  6394 | D:6      | Slain by a hippogriff

Illustrated notes

Levels and vault maps discovered:
D:1:      dpeg_arrival_rhombi, layout_basic, st_stairs_8,
          lexackson_kobold_supper
D:2:      layout_loops_ring, lemuel_doored_altar, trog_three_pillars_becter
D:3:      layout_basic, tso_altar
D:4:      layout_loops_ring, nicolae_overflow_hidden_temple
D:5:      layout_cave_pods, first_ration, nicolae_ru_the_path_less_chosen
D:6:      layout_rooms, basic_altar

Skill      XL: |  1  2  3  4  5  6  7 |
---------------+----------------------+-----
Fighting       | 1 2 3 |  3.0
Spellcasting   | 3 4 |  4.8
Earth Magic    | 4 5 |  5.7
Conjurations   | 1 2 |  2.7
Transmutations | 2 |  2.2
Dodging        | |  2.0
Stealth        | |  2.6

Action                   |  1- 3 |  4- 6 |  7- 9 || total
-------------------------+-------+-------+-------++-------
Melee: Unarmed           |     6 |       |       ||     6
       Dagger            |    64 |       |       ||    64
       Constrict         |    20 |    18 |    11 ||    49
       Tentacles         |    19 |    13 |     4 ||    36
       Short sword       |    16 |    75 |    45 ||   136
 Cast: Sandblast         |    14 |    16 |    22 ||    52
       Stone Arrow       |       |     1 |    13 ||    14
  Use: Scroll            |       |     4 |     9 ||    13
 Stab: Sleeping          |    10 |    10 |       ||    20
       Distracted        |     1 |       |       ||     1
  Eat: Chunk             |     3 |     8 |     7 ||    18
Armor: Skin              |     8 |     2 |     3 ||    13
Dodge: Dodged            |    50 |    40 |    36 ||   126

Table legend:
 A = Non-vault XP
 B = Vault XP
 C = Vault XP percentage of total XP
 D = Non-vault monster count
 E = Vault monster count
 F = Vault count percentage of total count
                 A         B        C        D         E       F
            +---------+---------+-------+---------+---------+-------
      Total |    1148 |      18 |   1.5 |     102 |       9 |   8.1
            +---------+---------+-------+---------+---------+-------
        D:1 |      25 |      18 |  41.9 |      17 |       9 |  34.6
        D:2 |      49 |       0 |   0.0 |      17 |       0 |   0.0
        D:3 |      76 |       0 |   0.0 |      18 |       0 |   0.0
        D:4 |     289 |       0 |   0.0 |      13 |       0 |   0.0
        D:5 |     571 |       0 |   0.0 |      32 |       0 |   0.0
        D:6 |     138 |       0 |   0.0 |       5 |       0 |   0.0
            +---------+---------+-------+---------+---------+-------
